[Event "7th Sharjah Masters 2024"]
[Site "Sharjah"]
[Date "2024.05.17"]
[Round "4.12"]
[White "Suleymanli, Aydin"]
[Black "Daneshvar, Bardiya"]
[Result "0-1"]
[ECO "C65"]
[WhiteElo "2621"]
[BlackElo "2582"]
[Annotator "TA"]
[PlyCount "124"]
[EventDate "2024.05.13"]
[EventType "swiss"]
[EventCountry "UAE"]
[SourceTitle "playchess.com"]
[Source "ChessBase"]
[SourceQuality "1"]
[TimeControl "5400+30"]

1. e4 e5 2. Nf3 Nc6 3. Bb5 Nf6 4. d3 Bc5 5. c3 O-O 6. Bg5 {[%emt 0:00:30] C65: Ruy Lopez: Berlin Defence (3...Nf6), unusual lines and 4 0-0 Bc5.} h6 7. Bh4 Be7 8. O-O d6 9. Bg3 a6 10. Ba4 Re8 11. Nbd2 Bf8 12. h3 b5 13. Bc2 Bb7 14. Re1 Nb8 $5 $146 {[%emt 0:00:30][%mdl 8] New and interesting.} ({Predecessor:} 14... g6 15. a4 Bg7 16. b4 Nh5 17. Bb3 Qd7 18. Bh2 Kh7 19. Nf1 Nd8 20. Ne3 Ne6 {½-½ Saric,I (2669)-Mastrovasilis,D (2627) Wch Rapid Warsaw 2021 (3)}) 15. d4 Nbd7 16. b3 g6 17. d5 c6 18. c4 cxd5 19. cxd5 Qa5 20. a3 Qc3 21. Re3 Qc7 22. b4 Rec8 23. Bd3 Nh5 24. Bh2 Nf4 25. Bf1 Nb6 26. g3 Nh5 27. Nh4 Na4 28. Nb3 Qd7 29. Na5 Ra7 30. Qg4 (30. g4 $11 Nf6 31. Bg2) 30... Qxg4 $17 31. hxg4 Nf6 32. f3 Ba8 33. Kh1 Rac7 34. Bg1 Be7 35. Ree1 Nd7 36. Ng2 Bg5 (36... Rc3 $15 37. Be3 f5 38. gxf5 (38. Bxh6 fxe4 39. fxe4 Nf6 $19) 38... gxf5) 37. Ne3 (37. Be3 $1 $11 {remains equal.}) 37... Rc3 38. Kg2 Kg7 39. Bf2 Bd8 ({Better is} 39... Nf6 $15) 40. Nd1 $11 Rc2 41. Ne3 R2c7 42. Reb1 Bg5 43. Re1 Ndb6 44. Be2 Rc3 45. Nd1 Rc1 46. Ra2 $2 {[%emt 0:00:30] [#]} ({White should try} 46. Ne3 $15 R1c3 47. Nd1) 46... Nxd5 $1 $19 47. Nb3 (47. exd5 $2 {perishes.} Bxd5 48. Bxb5 axb5 $19) 47... R1c7 48. exd5 Bxd5 49. Rd2 Bxb3 50. Rxd6 Rc6 51. Rxc6 Rxc6 52. Be3 Rc2 53. f4 exf4 54. gxf4 Bh4 (54... Rxe2+ 55. Rxe2 Bxd1 56. Rd2 Bxf4 57. Bd4+ (57. Bxf4 Bxg4 58. Rd6 Be6 $11) 57... f6 58. Rxd1 $16) 55. Nf2 (55. Bd4+ $142 Bf6 56. Bxf6+ Kxf6 57. Nf2) 55... Bd5+ 56. Bf3 Bxf3+ 57. Kxf3 Rc3 58. Rh1 Bd8 59. Ne4 Rxa3 60. Ke2 (60. Kf2 $17) 60... Bb6 $19 61. Nc5 $2 (61. Bc1 Rb3 62. f5) 61... Nc3+ $19 62. Kf2 Ne4+ 0-1

[Event "7th Sharjah Masters 2024"]
[Site "Sharjah"]
[Date "2024.05.17"]
[Round "4.13"]
[White "Maurizzi, Marc`Andria"]
[Black "Iniyan, Pa"]
[Result "1/2-1/2"]
[ECO "B96"]
[WhiteElo "2618"]
[BlackElo "2497"]
[Annotator "RC"]
[PlyCount "54"]
[EventDate "2024.05.13"]
[EventType "swiss"]
[EventCountry "UAE"]
[SourceTitle "playchess.com"]
[Source "ChessBase"]
[SourceQuality "1"]
[TimeControl "5400+30"]

1. e4 c5 2. Nf3 d6 3. d4 cxd4 4. Nxd4 Nf6 5. Nc3 a6 6. Bg5 e6 7. f4 Nbd7 8. Qf3 Qc7 9. O-O-O b5 10. Bxf6 Nxf6 11. f5 b4 12. Ncb5 Qb7 13. e5 Qxf3 14. gxf3 axb5 15. exf6 gxf6 16. Bxb5+ Bd7 17. fxe6 fxe6 18. Nxe6 Rxa2 19. Bc4 Ra1+ 20. Kd2 Bh6+ 21. Kd3 Rxd1+ 22. Rxd1 Bg5 23. Ra1 Ke7 24. Bd5 f5 25. h4 Bc1 26. Rb1 Bf4 27. Re1 Kf6 1/2-1/2

[Event "7th Sharjah Masters 2024"]
[Site "Sharjah"]
[Date "2024.05.17"]
[Round "4.14"]
[White "Siddharth, Jagadeesh"]
[Black "Yuffa, Daniil"]
[Result "0-1"]
[ECO "B33"]
[WhiteElo "2512"]
[BlackElo "2617"]
[Annotator "TA"]
[PlyCount "82"]
[EventDate "2024.05.13"]
[EventType "swiss"]
[EventCountry "UAE"]
[SourceTitle "playchess.com"]
[Source "ChessBase"]
[SourceQuality "1"]
[TimeControl "5400+30"]

1. e4 c5 2. Nf3 Nc6 3. d4 cxd4 4. Nxd4 Nf6 5. Nc3 e5 6. Ndb5 d6 7. Nd5 Nxd5 8. exd5 Nb8 9. c4 a6 10. Qa4 Bd7 11. Qa3 Bxb5 12. cxb5 a5 {[%emt 0:02:44] [#] White is slightly better.} 13. b6 $1 Qxb6 14. Be3 (14. Qa4+ {feels hotter.} Kd8 15. Bb5 Qd4 16. Bg5+) 14... Qb4+ 15. Qxb4 axb4 16. Rc1 {[%emt 0:00:07][%cal Ba1c1,Bc1c4,Bc4b4,Bb4b7][%mdl 32] And now Bb5+ would win.} Na6 $1 {[%emt 0:03:24] Black is weak on the light squares} 17. Bb5+ {[%emt 0:13:13][%mdl 1024] White has compensation.} Kd8 18. Bb6+ {[%emt 0:10:30] This pair of bishops is nice.} Ke7 19. O-O g5 20. Rc4 f5 21. Rfc1 Kf6 22. Bxa6 Rxa6 23. Rxb4 Rxa2 24. Bd8+ Kg6 25. Rxb7 f4 26. f3 h5 27. b4 g4 {[%emt 0:01:33][%cal Oe5e4] next ...e4! is good for Black.} 28. b5 (28. Bh4 $11) 28... h4 $17 {[%emt 0:02:34] ...g3 is the strong threat.} 29. h3 {[%emt 0:05:15] [#]} (29. fxg4 $17 h3 30. g3 (30. gxh3 $2 Rxh3 31. Be7 Bxe7 $19)) 29... g3 (29... gxf3 $1 $19 30. gxf3 Bh6 31. Bxh4 (31. Rd7 $2 Rg8 $19) 31... e4) 30. Rb1 $2 (30. Rd7 $17) 30... Bg7 $19 31. Rd7 {[%emt 0:00:20] [#]} e4 $1 {[%emt 0:02:55][%mdl 512] ( -> ...Bd4+)} 32. Rxd6+ {[%emt 0:00:06] [#]} (32. Rxg7+ Kxg7) 32... Kh5 $1 33. Bf6 {[%emt 0:05:46] [#]} Rc8 $1 34. Bxg7 (34. Re1 Re2) 34... Rcc2 35. Re1 Rxg2+ 36. Kh1 Rh2+ ({Stronger than} 36... exf3 37. Re5#) 37. Kg1 Rhg2+ ({Weaker is} 37... exf3 38. Re5#) 38. Kh1 Rge2 {[%emt 0:00:35][%cal Re2e1] Black mates.} ({Worse is} 38... exf3 39. Re5#) 39. Bc3 exf3 40. Rxe2 Rxe2 41. Re6 Rh2+ {[%emt 0:00:18][%mdl 32768] Weighted Error Value: White=0.80/Black=0.20 (precise) .  Loses game:     	White=1     	---        Mistake:       	White=2     	Black=1      Inaccurate:     	White=4     	Black=1      OK:         	White=8     	Black=9      Best:        	White=2     	Black=2      Strong:       	---       	Black=1      Brilliant:      	---       	Black=1     . Loss on time!?} 0-1

[Event "7th Sharjah Masters 2024"]
[Site "Sharjah"]
[Date "2024.05.17"]
[Round "4.15"]
[White "Maghsoodloo, Parham"]
[Black "Royal, Shreyas"]
[Result "1/2-1/2"]
[ECO "A29"]
[WhiteElo "2733"]
[BlackElo "2464"]
[Annotator "TA"]
[PlyCount "62"]
[EventDate "2024.05.13"]
[EventType "swiss"]
[EventCountry "UAE"]
[SourceTitle "playchess.com"]
[Source "ChessBase"]
[SourceQuality "1"]
[TimeControl "5400+30"]

1. c4 e5 2. Nc3 Nf6 3. Nf3 Nc6 4. g3 Bb4 5. Bg2 d6 6. O-O O-O 7. Na4 a5 8. d3 Qe7 9. Bg5 h6 10. Bxf6 Qxf6 11. a3 {[%emt 0:05:23] The position is equal.} Bc5 12. Nd2 Ba7 13. Nc3 Qd8 14. b4 Bd4 15. Qb3 Bxc3 16. Qxc3 Nd4 17. Rae1 axb4 18. axb4 Ra2 {[%emt 0:00:22] [#] ...Rc2 would now be deadly.} 19. e3 $1 Rc2 20. Qa1 Rxd2 21. exd4 Rxd3 22. dxe5 Be6 23. Bxb7 Bxc4 24. Rc1 Be6 25. b5 Bd5 26. Bc6 Bxc6 27. Rxc6 dxe5 28. Qxe5 Qd5 29. Rc5 Qxe5 30. Rxe5 c6 31. bxc6 Rc3 {[%emt 0:00:05] Against Rc1. A balanced but interesting game.   Weighted Error Value: White=0.03 (flawless) /Black=0.02 (flawless) .  OK:         	White=11    	Black=13     Best:        	---       	Black=1      Strong:       	White=1     	---} 1/2-1/2

[Event "7th Sharjah Masters 2024"]
[Site "Sharjah"]
[Date "2024.05.17"]
[Round "4.16"]
[White "Radjabov, Teimour"]
[Black "Gurel, Ediz"]
[Result "1/2-1/2"]
[ECO "A21"]
[WhiteElo "2723"]
[BlackElo "2578"]
[Annotator "TA"]
[PlyCount "29"]
[EventDate "2024.05.13"]
[EventType "swiss"]
[EventCountry "UAE"]
[SourceTitle "playchess.com"]
[Source "ChessBase"]
[SourceQuality "1"]
[TimeControl "5400+30"]

1. c4 e5 2. Nc3 Bb4 3. Nd5 Be7 4. Nf3 d6 5. d3 Nf6 6. Nc3 O-O 7. g3 c6 8. Bd2 h6 9. Bg2 Be6 10. O-O Nbd7 11. e4 d5 12. exd5 cxd5 {[%emt 0:00:06] The position is equal.} 13. cxd5 Nxd5 14. d4 Bf6 15. dxe5 {[%emt 0:06:19] Not much happened in this game.   Weighted Error Value: White=0.08 (flawless) /Black=0.07 (flawless) .  Inaccurate:     	White=1     	Black=1      OK:         	White=3     	Black=2} 1/2-1/2

[Event "7th Sharjah Masters 2024"]
[Site "Sharjah"]
[Date "2024.05.17"]
[Round "4.17"]
[White "Artemiev, Vladislav"]
[Black "Safarli, Eltaj"]
[Result "1/2-1/2"]
[ECO "D38"]
[WhiteElo "2705"]
[BlackElo "2597"]
[Annotator "TA"]
[PlyCount "40"]
[EventDate "2024.05.13"]
[EventType "swiss"]
[EventCountry "UAE"]
[SourceTitle "playchess.com"]
[Source "ChessBase"]
[SourceQuality "1"]
[TimeControl "5400+30"]

1. d4 Nf6 2. Nf3 d5 3. c4 e6 4. Nc3 Bb4 5. cxd5 exd5 6. Bg5 h6 7. Bh4 O-O 8. e3 c5 9. dxc5 Nbd7 {[%emt 0:10:46][%cal Od8a5] White is slightly better.} 10. Qd4 Bxc5 11. Qd2 Bb4 12. a3 Bxc3 13. Qxc3 g5 14. Bg3 Ne4 15. Qc7 Qf6 16. Nd4 (16. Be5 {simplifies} Nxe5 17. Qxe5 Qxe5 18. Nxe5 Kg7 19. Rd1) 16... Ndc5 {[%emt 0:01:24] [#] And now ...Bg4 would win. A dynamic duo of knights. The position is equal.} 17. Qe5 Qxe5 18. Bxe5 Re8 19. Bg3 Bd7 20. Be2 Rac8 {[%emt 0:01:27] Weighted Error Value: White=0.06 (flawless) /Black=0.03 (flawless) .  Inaccurate:     	White=2     	---        OK:         	White=7     	Black=10     Best:        	---       	Black=1} 1/2-1/2

[Event "7th Sharjah Masters 2024"]
[Site "Sharjah"]
[Date "2024.05.17"]
[Round "4.18"]
[White "Sevian, Samuel"]
[Black "Kacharava, Nikolozi"]
[Result "1-0"]
[ECO "D20"]
[WhiteElo "2699"]
[BlackElo "2527"]
[Annotator "TA"]
[PlyCount "160"]
[EventDate "2024.05.13"]
[EventType "swiss"]
[EventCountry "UAE"]
[SourceTitle "playchess.com"]
[Source "ChessBase"]
[SourceQuality "1"]
[TimeControl "5400+30"]

1. d4 d5 2. c4 dxc4 3. e4 b5 4. a4 c6 5. axb5 cxb5 6. Nc3 Qb6 7. Nd5 Qb7 8. Bf4 e5 9. Bxe5 Nd7 10. Bf4 Ngf6 11. Nc7+ Kd8 12. Nxa8 Qxe4+ 13. Ne2 Qxa8 14. Nc3 Bb4 15. f3 a5 16. Be2 Re8 17. O-O Qc6 18. Re1 a4 19. Bd2 Qb6 20. Kh1 Qxd4 21. Qc2 Bb7 22. Rad1 Qf2 23. Bf4 Re6 24. Bg3 Qb6 25. Bf1 Ke8 26. Bf2 Qc6 27. Bd4 Kf8 28. Qf5 Bc5 29. Bxf6 Nxf6 30. Re5 Rxe5 31. Qxe5 Ne8 32. Rd8 Be7 33. Rb8 b4 34. Nxa4 f6 35. Qe4 Qxe4 36. fxe4 Bxe4 37. Bxc4 Bd6 38. Rb6 Ke7 39. Ra6 Nc7 40. Ra5 Bc6 41. Nc5 f5 42. b3 g6 43. Nd3 Be4 44. Nf2 Bc6 45. Kg1 h5 46. Nd3 Be4 47. g3 Bxd3 48. Bxd3 Ne6 49. Bc4 Nc5 50. Kg2 Kf6 51. Rb5 Ne4 (51... Nd7 $16 {keeps fighting.} 52. Rd5 Ke7) 52. Rb7 ({White should play} 52. Bd5 $18) 52... Nd2 53. Bg8 Ne4 54. Rb6 Ke7 55. Bd5 Nc3 56. Bf7 Bc7 (56... g5 $142 57. Bxh5 Ne4) 57. Rb7 $18 ({Worse is} 57. Rxb4 Kxf7 58. Rb7 Nd5 $17) 57... Kxf7 58. Rxc7+ Ke6 59. Rc6+ Kf7 60. Rd6 g5 61. Rd4 Na2 62. Rd5 Ke6 63. Rb5 g4 64. Kf1 Kf6 65. Kg2 $2 (65. Kg1) 65... Ke6 $1 $18 66. h4 Kf6 67. Kf1 Ke6 68. Kg2 Kf6 69. Rc5 Nc3 70. Rc6+ Ke5 71. Rh6 Ne4 72. Rxh5 Nc5 73. Rh6 Nxb3 74. Rb6 Nd2 75. h5 Ne4 76. h6 Ng5 77. Rb7 b3 78. h7 Nxh7 79. Rxh7 Kd4 80. Rb7 Kd5 1-0

[Event "7th Sharjah Masters 2024"]
[Site "Sharjah"]
[Date "2024.05.17"]
[Round "4.19"]
[White "Deac, Bogdan-Daniel"]
[Black "Vokhidov, Shamsiddin"]
[Result "1/2-1/2"]
[ECO "A13"]
[WhiteElo "2693"]
[BlackElo "2592"]
[Annotator "TA"]
[PlyCount "97"]
[EventDate "2024.05.13"]
[EventType "swiss"]
[EventCountry "UAE"]
[SourceTitle "playchess.com"]
[Source "ChessBase"]
[SourceQuality "1"]
[TimeControl "5400+30"]

1. Nf3 Nf6 2. c4 e6 3. b3 d5 4. Bb2 c5 5. cxd5 exd5 6. g3 {[%emt 0:00:30] A13: English Opening: 1...e6.} Nc6 7. Bg2 d4 8. O-O Be7 9. Na3 O-O 10. e3 Bf5 11. exd4 cxd4 12. Nc4 Rc8 13. Re1 Bc5 $146 ({Predecessor:} 13... Re8 14. Nfe5 Nb4 15. Bxb7 Rc7 16. Bg2 Nc2 17. Nc6 Qd7 18. Nxe7+ Rxe7 19. Rxe7 Qxe7 {1-0 Mendonca,L (2608)-Budisavljevic,L (2475) Chessable Masters Play In rapid 2024 (7)}) 14. a3 b5 15. Nce5 Be4 16. Nxc6 Bxc6 17. Ne5 Bxg2 18. Kxg2 Bb6 19. a4 Re8 20. Nf3 Ne4 21. axb5 Qd5 22. Ra4 g5 (22... Qxb5 $6 23. Bxd4 Nc5 24. Bxc5 Qxc5 25. d4 Rxe1 26. Qxe1 $14 (26. Nxe1 Qd5+ 27. Qf3 Qd7 $14)) 23. h3 (23. Nxd4 $2 Nc5+ (23... Nxd2+ $2 24. Kg1 $19) 24. Qf3 Qxf3+ 25. Nxf3 Rxe1 (25... Nxb3 26. Rxe8+ Rxe8 27. Rc4 $16) 26. Nxe1 Nxa4 27. bxa4 Rc4 $19) (23. Bxd4 g4 24. Bxb6 axb6 $17) 23... h5 (23... Qxb5 24. Bxd4 g4 25. hxg4 $18) 24. d3 $1 (24. Nxd4 Nc5+ (24... Nxd2+ $2 25. Kg1 $19) 25. Qf3 Qxf3+ 26. Nxf3 Rxe1 (26... Nxb3 $2 27. Rc4 $18) 27. Nxe1 Nxa4 28. bxa4 Rc4 $17) (24. Bxd4 g4 25. hxg4 hxg4 26. Bxb6 axb6 $17) 24... Nd6 25. Rxe8+ (25. Bxd4 $2 Rxe1 26. Qxe1 g4 $19) 25... Rxe8 26. Kg1 ({But not} 26. Bxd4 g4 27. Bxb6 (27. hxg4 $2 hxg4 28. Bxb6 gxf3+ 29. Qxf3 Qxf3+ 30. Kxf3 axb6 $19) 27... gxf3+ (27... Qxf3+ 28. Qxf3 gxf3+ 29. Kxf3 $17) 28. Qxf3 Qxf3+ (28... Qxb5 $2 {perishes.} 29. Bxa7 Qxb3 30. Ra5 $18) 29. Kxf3 axb6 $17) 26... Nxb5 27. Rc4 f6 (27... Nc3 {keeps more tension.} 28. Bxc3 dxc3 29. g4 hxg4 30. hxg4 Re6) 28. Nd2 Nd6 29. Rc1 h4 30. g4 Kf7 31. Qf3 Qxf3 32. Nxf3 Nb5 33. Kf1 Re7 34. Rc4 Rd7 35. Ke2 Re7+ 36. Kf1 Rd7 37. Bc1 Nc7 38. Nd2 Ne6 39. Ne4 Rd5 40. b4 Bd8 41. Bd2 a5 42. Kg2 axb4 43. Rxb4 Bc7 44. Rb7 Kg6 45. Ra7 Rb5 46. Ra6 Kf7 47. Ra7 Kg6 48. Ra6 Kf7 49. Ra7 1/2-1/2

[Event "7th Sharjah Masters 2024"]
[Site "Sharjah"]
[Date "2024.05.17"]
[Round "4.20"]
[White "Nihal Sarin"]
[Black "Nikitenko, Mihail"]
[Result "1-0"]
[ECO "C95"]
[WhiteElo "2680"]
[BlackElo "2529"]
[Annotator "TA"]
[PlyCount "203"]
[EventDate "2024.05.13"]
[EventType "swiss"]
[EventCountry "UAE"]
[SourceTitle "playchess.com"]
[Source "ChessBase"]
[SourceQuality "1"]
[TimeControl "5400+30"]

1. e4 e5 2. Nf3 Nc6 3. Bb5 a6 4. Ba4 Nf6 5. O-O Be7 6. Re1 b5 7. Bb3 d6 8. c3 O-O 9. h3 Nb8 10. d4 Nbd7 11. Nbd2 Bb7 12. Bc2 Re8 13. Nf1 Bf8 14. Ng3 h6 15. a4 c6 16. Be3 Qc7 {[%emt 0:00:30] White is slightly better.} 17. Bd3 Rad8 18. Qc2 d5 19. Nxe5 (19. dxe5 $1 $16 dxe4 20. Nxe4) 19... Nxe5 $11 20. dxe5 dxe4 21. Bxb5 Nd5 22. Bc4 Qxe5 23. Bd4 Qc7 24. Nxe4 {[%emt 0:00:30] With the idea b4.} (24. Rxe4 $2 c5 25. Bxg7 (25. Rxe8 $2 Rxe8 26. Bxg7 Bxg7 $19) 25... Bxg7 $19 (25... Kxg7 $2 26. Nh5+ Kh8 27. Rxe8 $18)) 24... c5 25. Be3 f5 {[%emt 0:00:30] [#]} 26. Ng5 {[%emt 0:00:30][%cal Oc2f5] Threatens to win with Qxf5!} hxg5 (26... g6 27. Nf3) 27. Bxg5 Be7 28. Qxf5 Qd7 29. Qg6 {[%emt 0:00:30] White has more active pieces.} Kf8 30. Re5 (30. Bxa6 $6 Bxa6 31. Bxe7+ Rxe7 $16) 30... Bxg5 31. Rxg5 Nf6 {[%emt 0:00:30] Prevents Rh5} (31... Re6 $142 32. Qh7 Qf7) 32. Rxc5 $2 ({White has to play} 32. Rf5 $1 $18 {[%cal Rf5f6] Rxf6+ would kill now.} Re6 33. Bxe6 Qxe6 34. Rxc5) 32... Re7 $2 (32... Rc8 $14 33. Qg5 Rxc5 34. Qxc5+ Qe7 35. Qxe7+ Rxe7) 33. Rf5 $1 $18 Qc6 34. Rf4 Rde8 35. Rf1 (35. Rd1 $1 $18) 35... Rd7 $16 36. Rh4 {[%emt 0:00:30] Strongly threatening Rh8+.} Ke7 37. b4 (37. Qxg7+ $16 Kd8 38. Qg5) 37... Kd8 $11 38. b5 Qc7 (38... Qc5 $5 39. Bd3 (39. bxa6 Be4 $11) 39... Qxc3 $11) 39. Qg5 Be4 40. Ba2 Bd3 41. Rc1 axb5 42. axb5 Kc8 43. Rd4 {[%emt 0:00:30] [#]} Rde7 $1 {[%emt 0:00:30] ( -> ...Re1+)} 44. f4 $1 (44. Rxd3 $2 Re1+ 45. Rxe1 Rxe1#) 44... Re2 (44... Re1+ $6 45. Rxe1 Rxe1+ 46. Kh2 Qxc3 47. Ra4 $16) (44... Rd8 $11 45. Rb4 Qb6+ (45... Qa7+ 46. b6 $11) 46. Kh2 Qf2) 45. Rxd3 $14 Rxa2 46. Kh2 (46. c4 $14) 46... Ra4 (46... Ree2 $11 {is superior.} 47. Qf5+ Kb8) 47. Rf1 (47. Qf5+ Kb8 48. b6 Qxb6 $17 (48... Qxf4+ 49. Qxf4+ Rxf4 50. Rg3 $11)) (47. c4 $14) 47... Rc4 $2 {[%emt 0:00:30] [#]} ({Black should try} 47... Re7 $11) 48. b6 $1 $16 Qxb6 {[%emt 0:00:30] [#]} 49. Qxg7 (49. Ra1 $1 $18) 49... Rg8 $14 50. Qf7 Rc7 51. Qa2 {[%emt 0:00:30] Dancing on a razor blade.} Rcg7 52. Rf2 Qc6 (52... Ra7 $16 53. Qc2 Rgg7) 53. Rd4 $36 {[%emt 0:00:30][%mdl 2048] White is in control.} Nd7 54. Qd5 (54. g4 $18 {aiming for Rc4.} Rh8 55. Qc4 Qxc4 56. Rxc4+ Kd8 57. Kg3) 54... Qxd5 55. Rxd5 Rg3 ({Black should play} 55... Re8 $14) 56. Rfd2 $18 Nb6 57. R5d3 R3g7 58. g4 Kc7 59. Re2 {[%emt 0:00:30] Wards off Re7} Nd7 (59... Rh7 $142 60. Kg3 Ra8) 60. Kg3 Rh8 (60... Nf6 {keeps fighting.}) 61. h4 Rgh7 62. Rh2 Nf6 63. g5 Ne4+ (63... Nh5+ {is a better defense.} 64. Kg4 Re7) 64. Kg4 Rg8 65. Rd4 Nf6+ 66. Kf3 Nd7 67. h5 Rf7 68. Ra2 Ne5+ 69. Kg3 Nc6 70. Rc4 Kb6 {[%emt 0:00:30] Inhibits Ra7.} 71. Rb2+ Kc7 72. Kg4 Rd7 73. g6 Rd1 74. f5 Rg1+ 75. Kf4 Rf1+ $2 (75... Rh1 76. Kg5 Rg1+ 77. Rg4 Rf1) 76. Kg5 Rg1+ 77. Rg4 Rh1 78. f6 Ne5 79. Re4 (79. g7 $142) 79... Nf7+ 80. Kg4 Nh6+ 81. Kg5 $2 (81. Kg3) 81... Nf7+ 82. Kf4 ({Not} 82. Kg4 Nh6+ 83. Kg3 (83. Kg5 Nf7+ $16) 83... Rxh5 $18) 82... Rh4+ 83. Ke3 Rh3+ 84. Kf4 Rh4+ 85. Ke3 Rh3+ {[%emt 0:00:30] [#] White stays focused until the end.} 86. Kd2 $1 Nd6 87. Rf4 {[%emt 0:00:30] f7 is the strong threat.} Rh2+ 88. Kc1 Rh1+ 89. Kc2 {[%emt 0:00:30] And now f7 would win.} Rh2+ 90. Kb3 Rxh5 91. Rg2 {[%emt 0:00:30] Hoping for f7.} Rb8+ 92. Rb4 {Black must now prevent Rxb8.} Rg8 (92... Ra8 $142 93. g7 Rf5) 93. f7 Nxf7 94. gxf7 {[%emt 0:00:30][%mdl 4096] Endgame. KRR-KRR} Rf8 95. Rf4 {[%emt 0:00:30] White threatens Rg8 and mate.} Rh7 96. Rgf2 Kd6 97. c4 Ke7 98. c5 Rb8+ 99. Kc4 {[%emt 0:00:30] White mates.} Kf8 100. Rg2 Rxf7 101. Rxf7+ Kxf7 102. Re2 {[%emt 0:00:30] Weighted Error Value: White=0.30/Black=0.30.  Loses game:     	---       	Black=1      Missed win:     	White=1     	---        Mistake:       	White=8     	Black=11     Inaccurate:     	White=1     	Black=3      OK:         	White=24    	Black=21     Best:        	White=12    	Black=16     Strong:       	White=3     	---        Brilliant:      	White=1     	---} 1-0

[Event "7th Sharjah Masters 2024"]
[Site "Sharjah"]
[Date "2024.05.17"]
[Round "4.21"]
[White "Pranav, V."]
[Black "Martirosyan, Haik M."]
[Result "1/2-1/2"]
[ECO "C67"]
[WhiteElo "2587"]
[BlackElo "2679"]
[Annotator "TA"]
[PlyCount "111"]
[EventDate "2024.05.13"]
[EventType "swiss"]
[EventCountry "UAE"]
[SourceTitle "playchess.com"]
[Source "ChessBase"]
[SourceQuality "1"]
[TimeControl "5400+30"]

1. e4 e5 2. Nf3 Nc6 3. Bb5 Nf6 4. O-O Nxe4 5. d4 Nd6 6. dxe5 Nxb5 7. a4 d6 8. e6 {[%emt 0:00:10] [#]} Bxe6 9. axb5 Ne5 10. Nd4 Be7 11. f4 {[%emt 0:04:23][%cal Od4e6] Threatens to win with Nxe6!} Nc4 12. Nc3 Nb6 13. Nxe6 fxe6 14. Qg4 Bf6 15. f5 (15. Ne4 $11) 15... exf5 ({Black should try} 15... Bxc3 $1 $15 16. bxc3 O-O) 16. Re1+ $11 Be5 17. Qxg7 Qe7 18. Qh6 {[%emt 0:00:31] Strongly threatening Bg5.} Kd7 19. Bg5 {[%emt 0:10:42] [#]} (19. Qh3 $11 {remains equal.}) 19... Qf7 $1 $17 20. Qh3 Qg6 (20... Rhg8 $17 21. Bd2 Rg4) 21. Rf1 $1 $11 Raf8 (21... Qxg5 $2 22. Rxf5 Qg6 (22... Bd4+ $2 23. Kh1 $18) 23. Rxe5+ (23. Rf6+ Kd8 $18) 23... Kd8 24. Re6 $18) (21... Rhf8 $5 22. Bf4 Bd4+ 23. Kh1 h5 $11) 22. Bh6 Rf6 23. Be3 Qg4 24. Qxg4 fxg4 25. Rxf6 Bxf6 26. Rxa7 Nc4 27. Nd5 Nxe3 28. Nxf6+ $15 {[%emt 0:00:07][%mdl 4096] Endgame. KRN-KRN} Ke6 29. Ne4 Rb8 30. Ra3 Nc4 31. Rc3 d5 32. Nf2 Kd6 {[%emt 0:00:00] [#]} 33. Ne4+ $1 Ke5 (33... dxe4 34. Rxc4 Re8 35. Kf2 $14) 34. Nf2 h5 ({Much weaker is} 34... Nxb2 $6 35. Rxc7 h5 36. Rh7 $16) 35. b3 Ra8 {[%emt 0:00:14] aiming for ...Ra1+.} 36. Kf1 ({Much less strong is} 36. Nxg4+ $6 hxg4 37. bxc4 Ra1+ 38. Kf2 Kd4 $16) 36... Ra3 (36... Nd6 $11 37. Rxc7 Nxb5 38. Rxb7 Nd4 39. Nd3+ Kd6) 37. h3 ({White should play} 37. Nd1 $1 $14 Nd2+ (37... Ra1 38. Ke2 $16) 38. Ke2) 37... Kd6 $11 {[%emt 0:00:59] The position is equal.} 38. hxg4 hxg4 39. Nxg4 Ra1+ $1 40. Ke2 Na3 41. b6 c5 42. Rh3 Kc6 43. Ne3 d4 44. Nc4 Nxc4 45. bxc4 Kxb6 {[%emt 0:00:13] KR-KR} 46. Rb3+ Kc6 47. c3 Ra2+ 48. Kd3 dxc3 49. Kxc3 Rxg2 {[%emt 0:00:11] ( -> ...Rg3+)} 50. Rb1 Rg3+ 51. Kc2 b6 52. Rh1 Kb7 53. Rf1 Re3 54. Rh1 Re6 55. Rg1 Kc6 56. Kc3 {[%emt 0:00:18] Weighted Error Value: White=0.12 (very precise) /Black=0.10 (very precise) .  Mistake:       	White=3     	Black=3      Inaccurate:     	White=2     	Black=1      OK:         	White=24    	Black=22     Best:        	White=4     	---        Strong:       	White=1     	Black=2} 1/2-1/2

[Event "7th Sharjah Masters 2024"]
[Site "Sharjah"]
[Date "2024.05.17"]
[Round "4.22"]
[White "Yakubboev, Nodirbek"]
[Black "Mchedlishvili, Mikheil"]
[Result "1/2-1/2"]
[ECO "E15"]
[WhiteElo "2665"]
[BlackElo "2569"]
[Annotator "RC"]
[PlyCount "169"]
[EventDate "2024.05.13"]
[EventType "swiss"]
[EventCountry "UAE"]
[SourceTitle "playchess.com"]
[Source "ChessBase"]
[SourceQuality "1"]
[TimeControl "5400+30"]

1. d4 Nf6 2. c4 e6 3. Nf3 b6 4. g3 Ba6 5. Qc2 Bb7 6. Bg2 c5 7. d5 exd5 8. cxd5 Nxd5 9. O-O Be7 10. Rd1 Nc6 11. a3 Nc7 12. Nc3 O-O 13. Bf4 Ne6 14. e3 Nxf4 15. gxf4 d6 16. Rd2 h6 17. Rad1 Qd7 18. h3 Rad8 19. Nd5 Rfe8 20. b4 Bf8 21. b5 Na5 22. a4 Qc8 23. Kh2 c4 24. Rd4 Rd7 25. Nd2 Qd8 26. Nxc4 Nxc4 27. Rxc4 g6 28. Nc7 Ree7 29. Bxb7 Rxc7 30. Bc6 Re6 31. Bd5 Rxc4 32. Qxc4 Qh4 33. Kg2 Re7 34. Rc1 g5 35. fxg5 Qxc4 36. Rxc4 hxg5 37. Rc8 Kg7 38. e4 Re5 39. Ra8 Re7 40. Kf3 Rc7 41. Kg4 Be7 42. Kf5 Bf6 43. f3 Be7 44. Bc6 Bf6 45. f4 gxf4 46. Kxf4 Be5+ 47. Kf5 Bf6 48. Kg4 Be5 49. Kg5 Bf6+ 50. Kf5 Re7 51. Rc8 Re5+ 52. Kf4 Re7 53. Ke3 Kh6 54. Rg8 Kh7 55. Rd8 Be5 56. Kd3 Kg7 57. Kc4 Bg3 58. Rc8 Kh7 59. Bd5 Kg7 60. Kd3 Be5 61. Rc2 Bf6 62. Rg2+ Kf8 63. Rg1 Rc7 64. Bc6 Re7 65. Rc1 Kg7 66. Rg1+ Kf8 67. Rg3 Re5 68. Rf3 Kg7 69. Bd5 Re7 70. Kc4 Kg6 71. Kb4 Kg7 72. Rd3 Re5 73. Rg3+ Rg5 74. Rf3 Rg1 75. a5 Rb1+ 76. Bb3 Re1 77. Bd5 Rb1+ 78. Bb3 Re1 79. axb6 axb6 80. Bd5 Rb1+ 81. Kc4 Rc1+ 82. Kb3 Rb1+ 83. Kc4 Rc1+ 84. Kb3 Rb1+ 85. Kc4 1/2-1/2